 Dungeon Crawl Stone Soup version 0.17-a0-2171-ga91b4ec (webtiles) character file.

91 M4edhros the Charlatan (level 4, -2/42 HPs)
             Began as an Octopode Artificer on Oct 25, 2015.
             Succumbed to M4edhros's ghost's poison
             ... on level 3 of the Dungeon.
             The game lasted 00:01:56 (1599 turns).

M4edhros the Charlatan (Octopode Artificer)         Turns: 1599, Time: 00:01:56

Health: -2/42      AC: 22    Str: 10      XL:     4   Next: 59%
Magic:  16/16      EV:  2    Int: 14      God:    Xom [*.....]
Gold:   76         SH:  0    Dex:  9 (13) Spells: 0 memorised, 3 levels left

rFire  . . .     SeeInvis .     q - +0 club (chaos)
rCold  . . .     Clarity  .     (no shield)
rNeg   + + +     SustAt   .     (helmet currently unavailable)
rPois  +         Gourm    .     (no amulet)
rElec  .         Spirit   .     p - ring of magical power
rCorr  .         Warding  .     (no ring)
rMut   .         NoTele   +     (no ring)
MR     .....                    (no ring)
Stlth  +++.......               (no ring)
                                (no ring)
                                (no ring)
                                (no ring)

@: lethally poisoned (-2 -> -27), tree-form, not resistant to hostile
enchantments, fairly stealthy
A: almost no armour, amphibious, 8 rings, (constrict 8), (camouflage 0),
(gelatinous body 0)
a: Renounce Religion


You were on level 3 of the Dungeon.
You worshipped Xom.
You were a special plaything of Xom.
You were very hungry.
You were a tree.
You visited 1 branch of the dungeon, and saw 3 of its levels.

You collected 76 gold pieces.

Inventory:

Hand Weapons
 a - a +0 short sword
 q - a +0 club of chaos (weapon)
Missiles
 f - 24 sling bullets
 u - 15 stones (quivered)
Jewellery
 p - a ring of magical power (left branch)
Wands
 b - a wand of flame (11)
 c - a wand of enslavement (15)
 d - a wand of random effects (14)
Scrolls
 g - a scroll of identify {unknown}
 k - a scroll of remove curse {unknown}
 m - a scroll of teleportation {unknown}
 n - 2 scrolls of fear {unknown}
 s - a scroll of recharging {unknown}
 v - a scroll of noise {unknown}
Potions
 i - 3 potions of might
 j - a potion of flight
Comestibles
 e - 2 bread rations
 h - a slice of pizza
 r - a chunk of flesh
 w - 2 fruits


   Skills:
 - Level 1.0 Fighting
 - Level 1.0 Short Blades
 - Level 2.0 Dodging
 + Level 4.4 Stealth
 + Level 4.6 Evocations


You had 3 spell levels left.
You didn't know any spells.

Dungeon Overview and Level Annotations

Branches:
Dungeon (3/15)

Altars:
Qazlal
Xom

Annotations:
D:3 M4edhros's ghost, weakling OpAr


Innate Abilities, Weirdness & Mutations

You cannot wear most types of armour.
You are amphibious.
You can wear up to eight rings at the same time.
((You can use your tentacles to constrict eight enemies at once.))
((Your skin changes colour to match your surroundings (Stealth).))
((Your rubbery body absorbs attacks (AC +1).))


Message History

It was a potion of degeneration.
There was something very wrong with that liquid.
You feel clumsy.
Xom thinks this is hilarious!
* * * LOW HITPOINT WARNING * * *
You feel sick. Something hits you.
* * * LOW HITPOINT WARNING * * *
Drink which item? (? for menu, Esc to quit)
It was a potion of lignification.
You turn into a tree.
Your roots penetrate the ground.
* * * LOW HITPOINT WARNING * * *
You feel sick. Something hits you but does no damage.
You are more poisoned.
Drink which item? (? for menu, Esc to quit)
It was a potion of cure mutation.
It has a very clean taste.
* * * LOW HITPOINT WARNING * * *
You feel sick. Something hits you but does no damage.
You barely miss something.
You die...
Xom thinks this is hilarious!

#$. #.# #.# #.# #.#####
####### #.....# #...#.#
#.###.# #...#.. #[
#.....# #.#####...#.# #.
#.###.# #♣...##...#.# #.
... #.#..##...#.# #. ...
#.#..##...#.#####.
.....#.#...............
....%#.#..##...#.......
......#.##...#########..
.#.##### .......... ##.#
######### #......##


There were no monsters in sight!

Vanquished Creatures
  Ijyb (D:2)
  An orc wizard (D:3)
  An adder (D:3)
  3 orcs
  3 bats
  3 goblins
  5 hobgoblins
  4 jackals (D:2)
  3 kobolds
24 creatures vanquished.

Notes
Turn   | Place    | Note
--------------------------------------------------------------
     0 | D:1      | M4edhros the Octopode Artificer began the quest for the Orb.
     0 | D:1      | Reached XP level 1. HP: 13/13 MP: 3/3
   187 | D:1      | Reached XP level 2. HP: 6/18 MP: 4/4
   416 | D:2      | Noticed Ijyb
   428 | D:2      | Killed Ijyb
   428 | D:2      | Reached skill level 4 in Evocations
   428 | D:2      | Reached XP level 3. HP: 11/23 MP: 4/6
  1179 | D:2      | Found a shimmering altar of Xom.
  1187 | D:2      | Became a worshipper of The Xom-Meister
  1220 | D:3      | Reached XP level 4. HP: 25/28 MP: 7/7
  1378 | D:3      | XOM: harmless Pois miscast
  1456 | D:3      | Found a stormy altar of Qazlal.
  1582 | D:3      | Noticed M4edhros's ghost (weakling OpAr)
  1597 | D:3      | HP: 2/42 [poisoned by M4edhros's ghost]
  1599 | D:3      | Succumbed to M4edhros's ghost's poison

Vault maps used:
D:1:      dpeg_arrival_arbitrary_b
D:2:      tgw_xom, uniq_iyjb
D:3:      grunt_qazlal_sundering, serial_co_window_serial, co_window_paths_b,
          co_window_paths_b, co_window_paths_a, co_window_paths_b,
          co_window_cross_1, co_window_2corner, co_window_unsneaky_path_b,
          co_window_corner_ca, co_window_broadway_a, co_window_corner_cb,
          co_window_4corner_b, feat_on_display

Action                   |  1- 3 |  4- 6 || total
-------------------------+-------+-------++-------
Melee: Short sword       |    35 |       ||    35
       Club              |     6 |    16 ||    22
Evoke: Wand              |       |     5 ||     5
  Use: Potion            |       |     6 ||     6
 Stab: Sleeping          |     4 |     1 ||     5
  Eat: Chunk             |       |     1 ||     1
